 Dungeon Crawl Stone Soup version 0.30.0-10-gfe55d96785 (webtiles) character file.

Game seed: 5561463562633673722

34572 dolemite99 the Fighter (level 14, -2/108 HPs)
             Began as a Djinni Conjurer on May 15, 2023.
             Was a Priest of Makhleb.
             Slain by a yak (4 damage)
             ... while petrified by a catoblepas
             ... on level 5 of the Lair of Beasts.
             The game lasted 00:49:16 (21720 turns).

dolemite99 the Fighter (Djinni Conjurer)           Turns: 21720, Time: 00:49:16

Health: -2/108     AC: 10    Str:  6    XL:     14   Next: 14%
Gold:   345        EV:  2    Int: 30    God:    Makhleb [***...] SH:  0 Dex: 13

rFire   + + .        a - staff of conjuration
rCold   . . .        E - +0 buckler
rNeg    + + +        S - +0 troll leather armour
rPois   ∞            (no helmet)
rElec   .            F - +2 cloak
rCorr   .            Y - +2 pair of gloves
SInv    .            (boots unavailable)
Will    +....        I - amulet of regeneration
Stlth   ++           o - ring of protection from cold
HPRegen 1.98/turn    d - +6 ring of intelligence
MPRegen 0.00/turn

%: infuse magic (-3 HP)
@: petrified, flying
A: sickness immunity, fire resistance 2, cold vulnerability 1, float, innate
caster, HP casting, extra vitality 1
a: Renounce Religion, Minor Destruction, Lesser Servant of Makhleb


You were on level 5 of the Lair of Beasts.
You worshipped Makhleb.
Makhleb was most pleased with you.
You visited 2 branches of the dungeon, and saw 16 of its levels.

You collected 756 gold pieces.
You spent 411 gold pieces at shops.

Inventory:

Hand Weapons
 b - a +0 demon whip of venom
 h - a +3 sling of freezing
 j - a +0 sling of electrocution
 k - the +0 hand axe "Kiasuug" {speed, Int+4 SInv}
   (You found it on level 4 of the Lair of Beasts)

   Int:       It affects your intelligence (+4).
   SInv:      It lets you see invisible.
 w - a +0 scimitar
 A - a +1 hand axe of electrocution
 M - a +3 scimitar
Missiles
 s - 10 poisoned darts
 t - 14 javelins (quivered)
 B - 9 boomerangs
 L - 6 boomerangs of dispersal
Armour
 E - a +0 buckler (worn)
 F - a +2 cloak (worn)
 J - +0 steam dragon scales
 R - a +0 pair of gloves
 S - a +0 troll leather armour (worn)
 W - +0 acid dragon scales
 Y - a +2 pair of gloves (worn)
Magical Staves
 a - a staff of conjuration (weapon)
Jewellery
 d - a +6 ring of intelligence (right hand)
 m - a ring of willpower
 o - a ring of protection from cold (left hand)
 C - a ring of see invisible
 I - an amulet of regeneration (around neck)
 O - a ring of resist corrosion
 P - a +6 ring of dexterity
 Z - a ring of protection from fire
Wands
 p - a wand of paralysis (38)
 z - a wand of flame (13)
 H - a wand of roots (17)
 Q - a wand of polymorph (3)
Scrolls
 f - 2 scrolls of immolation
 q - 3 scrolls of identify {@r1}
 u - 2 scrolls of vulnerability
 x - 9 scrolls of teleportation
 y - 2 scrolls of blinking
 N - a scroll of noise
 T - 3 scrolls of poison
 U - a scroll of silence
 V - a scroll of fear
Potions
 e - 4 potions of berserk rage
 g - 5 potions of attraction
 i - a potion of brilliance {unknown}
 l - 6 potions of curing
 n - 2 potions of might
 r - 4 potions of heal wounds
 v - 4 potions of lignification
 D - 4 potions of flight {unknown}
 G - a potion of ambrosia {unknown}
 K - a potion of haste
Miscellaneous
 c - a lightning rod (2/4)


   Skills:
 - Level 12.7 Fighting
 - Level 7.1 Maces & Flails
 - Level 3.0 Ranged Weapons
 + Level 7.7 Dodging
 - Level 1.5 Stealth
 - Level 6.6 Shields
 + Level 9.5 Spellcasting
 - Level 5.2 Invocations
 - Level 7.1 Evocations


You knew the following spells:

 Your Spells              Type           Power      Damage    Failure   Level
a - Fulminant Prism       Conj/Hex       41%        3d19      1%          4
b - Lee's Rapid Deconstr  Erth           31%        3d16*     4%          5
c - Dazzling Flash        Conj/Hex       100%       N/A       1%          3
d - Searing Ray           Conj           100%       2d8       1%          2
e - Iskenderun's Mystic   Conj/Tloc      82%        2d16      1%          4
f - Slow                  Hex            100%       N/A       1%          1
g - Wereblood             Tmut           63%        N/A       1%          2
h - Confusing Touch       Hex            63%        N/A       1%          3
i - Ignite Poison         Fire/Tmut/Pois 63%        N/A       1%          3
j - Silence               Hex/Air        31%        N/A       4%          5
k - Magic Dart            Conj           100%       1d8       1%          1
Your spell library was empty.

Dungeon Overview and Level Annotations

Branches:
Dungeon (11/15)            Temple (0/1) D:6            Lair (5/5) D:8
 Shoals (0/4) Lair:2        Snake (0/4) Lair:3
  Slime: Lair:4-5       Orc: D:9-12

Altars:
Ashenzari
Hepliaklqana
Makhleb
Nemelex Xobeh
Okawaru
Qazlal
Trog
Uskayaw
Zin
The Shining One

Shops:
D:2 (   D:4 [   D:7 =

Annotations:
D:7 exclusion: downstairs
Lair:1 1 runed translucent door
Lair:4 exclusion: downstairs


Innate Abilities, Weirdness & Mutations

You are immune to sickness and miasma.
You are immune to poison.
Your flesh is very heat resistant. (rF++)
You are vulnerable to cold. (rC-)
You float through the air rather than walking.
You learn spells naturally, not from books.
Your magical power is your life essence.
You have superior vitality. (+4 MHP)


Message History

The skyshark bites you but does no damage.
The skyshark closely misses you. You block the skyshark's attack.
You have turned to stone.
You are engulfed in calcifying dust.
The dream sheep bites you. x2
The death yak gores you. The catoblepas gores you!! The skyshark bites you.
The skyshark tail-slaps you!
The skyshark tail-slaps you but does no damage.
The dream sheep completely misses you.
The dream sheep bites you but does no damage.
The catoblepas breathes a plume of calcifying dust at you.
The blast of calcifying dust hits you.
The blast of calcifying dust hits the skyshark but does no damage.
The blast of calcifying dust hits the yak!
The death yak gores you!!
* * * LOW HITPOINT WARNING * * *
The skyshark is engulfed in calcifying dust.
The skyshark is moving more slowly.
The skyshark bites you.
* * * LOW HITPOINT WARNING * * *
The skyshark tail-slaps you but does no damage.
The skyshark tail-slaps you.
* * * LOW HITPOINT WARNING * * *
You are engulfed in calcifying dust.
The dream sheep bites you but does no damage. x2
The yak is engulfed in calcifying dust.
The yak is moving more slowly.
The yak gores you!
* * * LOW HITPOINT WARNING * * *
The catoblepas gores you!!
* * * LOW HITPOINT WARNING * * *
The death yak gores you but does no damage.
The skyshark is engulfed in calcifying dust.
The skyshark stops moving altogether!
You are engulfed in calcifying dust.
The skyshark is engulfed in calcifying dust.
The death yak gores you.
* * * LOW HITPOINT WARNING * * *
The catoblepas gores you!
* * * LOW HITPOINT WARNING * * *
The yak is engulfed in calcifying dust.
The yak stops moving altogether!
The yak gores you!
You die...

...#..........
. ..#..........
. ..
............
.....
...#.......!...
.....
......SY.......
......
....YYYYY......
......
:...YYlYYY.....
....##..
P.###@YY.....
.........
#.#YYY......
.........
##..........
.........
#...........
........##
#...........
.........##
##..........
..........#
##.........
.........###
#.#....#...
...........#
###....#...


You could see a death yak, a catoblepas, a skyshark (petrified), 11 yaks, a
water moccasin and 3 dream sheep.

Vanquished Creatures
  A catoblepas (Lair:5)
  A lindwurm (Lair:5)
  A manticore (D:10)
  A salamander (Lair:3)
  An oklob plant (Lair:4)
  3 elephants (Lair:5)
  3 black mambas
  8 cane toads
  2 rime drakes
  6 komodo dragons
  A troll (D:9)
  3 polar bears (Lair:4)
  2 hornets
  8 blink frogs
  10 dream sheep (Lair:4)
  5 wyverns
  47 yaks
  A vampire (D:8)
  3 wraiths
  3 steam dragons
  2 basilisks (Lair:2)
  2 wargs
  An acid dragon (D:11)
  12 water moccasins
  A black bear (Lair:4)
  2 ice beasts
  2 ogres
  3 orc warriors
  2 centaurs
  2 sky beasts
  A boggart (Lair:3)
  20 wolves
  A phantom (D:4)
  A kobold brigand (D:7)
  Blork the orc (D:6)
  5 bullfrogs
  3 scorpions
  A cane toad simulacrum (Lair:4)
  4 wights (D:8)
  An elephant simulacrum (Lair:4)
  3 killer bees (D:7)
  7 howler monkeys
  3 lava snakes (Lair:3)
  3 jellies
  A hound (D:2)
  3 orc priests
  7 orc wizards
  3 sleepcaps
  5 iguanas
  A gnoll bouda (D:7)
  A polar bear simulacrum (Lair:4)
  2 wolf simulacra (Lair:4)
  5 gnolls (D:7)
  6 adders
  A white imp (D:5)
  2 worms
  2 dart slugs
  35 orcs
  5 ball pythons
  13 endoplasms
  3 giant cockroaches
  11 goblins
  4 hobgoblins
  4 kobolds
  2 quokkas
  4 bats
  2 frilled lizards (D:1)
  6 rats
321 creatures vanquished.

Vanquished Creatures (collateral kills)
  3 hydras
  A catoblepas (Lair:5)
  Amaemon (D:10)
  2 skysharks
  An orange demon (D:10)
  A black mamba (Lair:5)
  A cane toad (Lair:2)
  2 dream sheep (Lair:4)
  3 yaks
  A basilisk (Lair:4)
  4 wolves (Lair:3)
20 creatures vanquished.

Vanquished Creatures (others)
  55 fulminant prisms
55 creatures vanquished.

Grand Total: 396 creatures vanquished

Notes
Turn   | Place    | Note
-------+----------+-------------------------------------------
     0 | D:1      | dolemite99 the Djinni Conjurer began the quest for the Orb.
     0 | D:1      | dolemite99 set off with the following spells memorised:
                  | Magic Dart, Searing Ray, Dazzling Flash, Fulminant Prism,
                  | Iskenderun's Mystic Blast.
     0 | D:1      | Reached XP level 1. HP: 15/15 MP: 0/0
   172 | D:1      | Reached XP level 2. HP: 17/21 MP: 0/0
   997 | D:1      | Reached XP level 3. HP: 23/25 MP: 0/0
   997 | D:1      | Learned a level 1 spell: Slow
  1599 | D:2      | Reached XP level 4. HP: 9/31 MP: 0/0
  2430 | D:2      | Found Udinwiso's Weapon Boutique.
  2442 | D:2      | Bought 3 poisoned darts for 21 gold pieces
  3184 | D:3      | Found a hide-covered altar of Uskayaw.
  3772 | D:3      | Reached XP level 5. HP: 32/35 MP: 0/0
  3772 | D:3      | Learned a level 2 spell: Wereblood
  3814 | D:3      | Reached skill level 5 in Spellcasting
  4482 | D:3      | Found a faded altar of an unknown god.
  4706 | D:3      | Prayed at the altar of an unknown god.
  4706 | D:3      | Became a worshipper of Makhleb the Destroyer
  4706 | D:3      | Reached * piety under Makhleb
  5084 | D:4      | Noticed a phantom
  5420 | D:4      | Reached XP level 6. HP: 33/40 MP: 0/0
  6047 | D:4      | Reached skill level 1 in Fighting
  6178 | D:4      | Noticed an ogre
  6202 | D:4      | Killed an ogre
  6203 | D:4      | Reached skill level 3 in Fighting
  6203 | D:4      | Reached XP level 7. HP: 46/50 MP: 0/0
  6203 | D:4      | Learned a level 3 spell: Confusing Touch
  6460 | D:4      | Found Keapne's Antique Armour Boutique.
  6465 | D:4      | Bought a dyed leather armour for 115 gold pieces
  6563 | D:4      | Found a sparkling altar of Nemelex Xobeh.
  6628 | D:4      | Reached skill level 4 in Fighting
  6737 | D:5      | Entered Level 5 of the Dungeon
  6899 | D:5      | Reached skill level 5 in Fighting
  6931 | D:5      | Reached XP level 8. HP: 56/61 MP: 0/0
  7178 | D:5      | Found a glowing golden altar of the Shining One.
  7344 | D:5      | Reached skill level 6 in Fighting
  7642 | D:5      | Found a glowing silver altar of Zin.
  7642 | D:5      | Noticed an angel
  8082 | D:6      | Reached skill level 7 in Fighting
  8094 | D:6      | Found a staircase to the Ecumenical Temple.
  8308 | D:4      | Bought a cloak for 103 gold pieces
  8688 | D:6      | Noticed Blork the orc
  8702 | D:6      | Killed Blork the orc
  8703 | D:6      | Reached skill level 1 in Shields
  9000 | D:6      | Reached XP level 9. HP: 60/68 MP: 0/0
  9000 | D:6      | Learned a level 3 spell: Ignite Poison
  9286 | D:7      | Reached ** piety under Makhleb
  9297 | D:7      | Found Jyass's Jewellery Emporium.
  9704 | D:7      | Reached skill level 5 in Shields
 10175 | D:8      | Noticed a hornet
 10239 | D:7      | Killed a hornet
 10766 | D:8      | Reached XP level 10. HP: 61/75 MP: 0/0
 11031 | D:8      | Found a staircase to the Lair.
 11594 | D:8      | Found a broken altar of Ashenzari.
 12438 | D:9      | Reached skill level 1 in Invocations
 13105 | D:9      | Reached *** piety under Makhleb
 13215 | D:9      | Found a hazy altar of Hepliaklqana.
 13225 | D:9      | Found an iron altar of Okawaru.
 13314 | D:9      | Found a bloodstained altar of Trog.
 13398 | D:10     | Entered Level 10 of the Dungeon
 13424 | D:10     | Reached skill level 5 in Invocations
 13731 | D:10     | Reached skill level 1 in Ranged Weapons
 14005 | D:10     | Noticed a manticore
 14016 | D:10     | Killed a manticore
 14017 | D:10     | Reached XP level 11. HP: 36/79 MP: 0/0
 14017 | D:10     | Learned a level 5 spell: Silence
 14289 | D:10     | Reached skill level 1 in Evocations
 14645 | D:10     | Found a stormy altar of Qazlal.
 14732 | D:10     | Noticed Amaemon
 14758 | D:10     | Killed Amaemon
 14759 | D:10     | Reached skill level 5 in Dodging
 14759 | D:10     | Reached skill level 8 in Fighting
 14794 | D:10     | Noticed a four-headed hydra
 15054 | D:11     | Reached skill level 9 in Fighting
 15123 | Lair:1   | Entered Level 1 of the Lair of Beasts
 15425 | Lair:1   | Reached skill level 10 in Fighting
 15653 | Lair:1   | Found a runed translucent door.
 15713 | Lair:1   | Reached XP level 12. HP: 88/93 MP: 0/0
 15715 | Lair:1   | Reached skill level 11 in Fighting
 16448 | D:4      | Bought a pair of glowing gloves for 172 gold pieces
 16644 | Lair:2   | Found a staircase to the Shoals.
 16722 | Lair:2   | Reached skill level 12 in Fighting
 16922 | Lair:2   | Noticed a skyshark
 16935 | Lair:2   | Killed a skyshark
 16976 | Lair:2   | Noticed a four-headed hydra
 16991 | Lair:2   | Killed a four-headed hydra
 17856 | Lair:3   | Noticed Sonja
 17876 | Lair:3   | Sonja changed into Sonja the boggart
 17876 | Lair:3   | Noticed Sonja
 17880 | Lair:3   | Killed Sonja the boggart
 18657 | Lair:3   | Reached XP level 13. HP: 85/102 MP: 0/0
 18657 | Lair:3   | Learned a level 5 spell: Lee's Rapid Deconstruction
 18898 | Lair:3   | Reached skill level 5 in Evocations
 19005 | Lair:3   | Found a staircase to the Snake Pit.
 19473 | Lair:4   | Identified the +0 hand axe "Kiasuug" {speed, Int+4 SInv}
 19504 | Lair:4   | Found a frozen archway.
 19528 | Lair:4   | Found a gate leading to a gauntlet.
 19669 | Lair:4   | Reached skill level 1 in Maces & Flails
 20274 | Lair:4   | Reached skill level 5 in Maces & Flails
 20933 | Lair:5   | Entered Level 5 of the Lair of Beasts
 20933 | Lair:5   | Noticed a catoblepas
 20941 | Lair:5   | Killed a catoblepas
 21218 | Lair:5   | Noticed an eight-headed hydra
 21221 | Lair:5   | Noticed a six-headed hydra
 21296 | Lair:5   | Killed an eight-headed hydra
 21353 | Lair:5   | Killed a six-headed hydra
 21361 | Lair:5   | Reached XP level 14. HP: 106/108 MP: 0/0
 21720 | Lair:5   | HP: 2/108 [catoblepas (7)]
 21720 | Lair:5   | Slain by a yak

Illustrated notes

Levels and vault maps discovered:
D:1:      wander_arrival_desolate, layout_loops_ring
D:2:      layout_basic, serial_shops, nicolae_shop_pleasant_corner_grove
D:3:      layout_basic, mainiacjoe_overflow_cross_hatched,
          shapermc_ecumenical_altar_pompeii
D:4:      layout_gridville, lemuel_crystal_altar, serial_shops,
          nicolae_shop_hallway_plus, minmay_quantized
D:5:      layout_basic, zin_angel, mainiacjoe_overflow_catwalk
D:6:      layout_loops_corners, tgw_sif, minmay_temple_entry_mist
D:7:      layout_basic, serial_shops, nicolae_shop_hallway_stairs
D:8:      layout_rooms, cheibrodos_ashenzari_chains, erik_lair_orcish_takeover
D:9:      layout_rooms, mainiacjoe_overflow_tiny_flanked,
          mainiacjoe_overflow_brackets, amethyst_overflow_temple_binary,
          kennysheep_nub, kennysheep_generic_room_13
D:10:     layout_loops_corners, lemuel_tele_altar, minivault_25, uniq_amaemon
D:11:     layout_basic, david_orc_2, serial_aquarium, aquarium_bridge_straight
          [aquarium_subvault_bridge, aquarium_subvault_wall,
          aquarium_subvault_bridge, aquarium_subvault_wall],
          aquarium_bridge_square [aquarium_subvault_bridge,
          aquarium_subvault_bridge, aquarium_subvault_window,
          aquarium_subvault_bridge], aquarium_window_corridor_1,
          aquarium_window_1, aquarium_window_fake, aquarium_window_2,
          aquarium_view_2a, aquarium_balcony_1b, hex_intersection,
          lightli_corner_chamber
Lair:1:   dreamdust_labyrinth, layout_long_grid, infiniplex_staircase_pool_2,
          serial_bayou_shore_b
Lair:2:   layout_loops_ring, elwin_shoals_entry_rocks, patterned_corridor,
          grunt_megastairs_5, lemuel_fruit_tree
Lair:3:   layout_regular_city, nicolae_snake_entry_warm_welcome,
          chequers_serial_rivers_small_3, uniq_sonja
Lair:4:   layout_regular_city, portal_ice_cave_entry_ice_simulacra,
          gauntlet_entry_generic, guppyfry_lair_drakes, grunt_megastairs_2
Lair:5:   evilmike_catoblepas_cave, layout_gridlike,
          minmay_slime_entry_oklob_open, serial_bayou_shore_b

Skill      XL: |  1  2  3  4  5  6  7  8  9 10 11 12 13 14 |
---------------+-------------------------------------------+-----
Spellcasting   | 4 5 7 8 9 |  9.5
Fighting       | 3 5 7 10 12 | 12.7
Shields        | 3 6 |  6.6
Invocations    | 5 |  5.2
Ranged Weapons | 2 3 |  3.0
Evocations     | 1 3 7 |  7.1
Dodging        | 5 6 7 |  7.7
Maces & Flails | 7 |  7.1
Stealth        | |  1.5

Action                     |  1- 3 |  4- 6 |  7- 9 | 10-12 | 13-15 || total
---------------------------+-------+-------+-------+-------+-------++-------
  Melee: Trident           |    16 |     5 |       |       |       ||    21
         Staff             |       |     1 |    13 |    13 |    11 ||    38
         Demon whip        |       |       |       |       |    77 ||    77
         Hand axe          |       |       |       |       |     2 ||     2
   Fire: Sling             |    14 |       |    35 |    90 |    11 ||   150
  Throw: Dart              |       |     6 |     3 |     9 |       ||    18
         Javelin           |       |       |       |     2 |    16 ||    18
   Cast: Magic Dart        |    42 |    77 |    71 |   141 |     1 ||   332
         Searing Ray       |     1 |    11 |    48 |    53 |     3 ||   116
         Slow              |       |       |     2 |       |       ||     2
         Dazzling Flash    |       |       |     4 |    16 |     2 ||    22
         Fulminant Prism   |       |       |       |    33 |    22 ||    55
         Iskenderun's Myst |       |       |       |    33 |    23 ||    56
         Wereblood         |       |       |       |     4 |     1 ||     5
         Lee's Rapid Decon |       |       |       |       |    30 ||    30
 Invoke: Minor Destruction |       |       |       |     4 |       ||     4
         Lesser Servant of |       |       |       |    14 |    12 ||    26
  Evoke: Wand              |       |       |     4 |    14 |     4 ||    22
         Lightning rod     |       |       |       |       |     4 ||     4
    Use: Scroll            |       |     9 |     9 |     9 |     2 ||    29
         Potion            |       |       |     4 |     7 |       ||    11
   Stab: Distracted        |       |       |       |       |     2 ||     2
         Petrified         |       |       |       |       |     1 ||     1
 Armour: Robe              |     4 |     2 |       |       |       ||     6
         Leather armour    |       |       |    34 |    11 |       ||    45
         Skin              |       |       |    12 |       |       ||    12
         Troll leather arm |       |       |       |    55 |    84 ||   139
  Dodge: Dodged            |    32 |    15 |    82 |   154 |    98 ||   381
  Block: Buckler           |       |       |    23 |    92 |    53 ||   168
